 Dungeon Crawl Stone Soup version 0.30-a0-782-ge64f9170bb (webtiles) character file.

Game seed: 4920765748056971361

3 senseless the Trooper (level 1, 0/27 HPs)
             Began as a Demonspawn Berserker on Mar 14, 2023.
             Was a Follower of Trog.
             Slain by a jackal (1 damage)
             ... on level 1 of the Dungeon.
             The game lasted 00:00:11 (258 turns).

senseless the Trooper (Demonspawn Berserker)         Turns: 258, Time: 00:00:11

Health: 0/27       AC:  2    Str: 17    XL:     1   Next: 41%
Magic:  1/1        EV: 12    Int:  8    God:    Trog [*.....]
Gold:   33         SH:  0    Dex: 12    Spells: 0/0 levels left

rFire   . . .      SeeInvis .    a - +0 mace
rCold   . . .      Faith    .    (no shield)
rNeg    . . .      Spirit   .    b - +0 animal skin
rPois   .          Reflect  .    (no helmet)
rElec   .          Harm     .    (no cloak)
rCorr   .          Rampage  .    (no gloves)
Will    .....                    (no boots) Stlth
                                 (no amulet)
HPRegen 0.24/turn                (no ring)
MPRegen 0.07/turn                (no ring)

@: berserking, very quick
A: no striking features
a: Renounce Religion, Berserk


You were on level 1 of the Dungeon.
You worshipped Trog.
Trog was aware of your devotion.
You visited 1 branch of the dungeon, and saw 1 of its levels.

You collected 33 gold pieces.

Inventory:

Hand Weapons
 a - a +0 mace (weapon)
Armour
 b - a +0 animal skin (worn)
Potions
 c - a potion of heal wounds {unknown}


   Skills:
 + Level 3.0 Fighting
 + Level 2.8 Maces & Flails
 + Level 1.8 Armour
 + Level 1.8 Dodging


You couldn't memorise any spells.
You didn't know any spells.
Your spell library was empty.

Dungeon Overview and Level Annotations

Branches:
Dungeon (1/15)

Altars:


Message History

You are too injured to fight recklessly!
You are too injured to fight recklessly!
You are too injured to fight recklessly!
You are too injured to fight recklessly!
You are too injured to fight recklessly!
You are too injured to fight recklessly!
You are too injured to fight recklessly!
You are too injured to fight recklessly!
You are too injured to fight recklessly!
You are too injured to fight recklessly!
You are too injured to fight recklessly!
You are too injured to fight recklessly!
You are too injured to fight recklessly!
You are too injured to fight recklessly!
You are too injured to fight recklessly!
You are too injured to fight recklessly!
You are too injured to fight recklessly!
You are too injured to fight recklessly!
A red film seems to cover your vision as you go berserk!
You feel yourself moving faster!
You feel mighty! The jackal bites you. The jackal closely misses you.
You sock the jackal!
You kill the jackal!
Trog accepts your kill. The jackal bites you.
* * * LOW HITPOINT WARNING * * *
The jackal barely misses you.
You sock the jackal!
You kill the jackal!
Trog accepts your kill. The kobold hits you with a +0 club.
* * * LOW HITPOINT WARNING * * *
You closely miss the kobold. The kobold hits you with a +0 club.
* * * LOW HITPOINT WARNING * * *
The jackal bites you.
* * * LOW HITPOINT WARNING * * *
You closely miss the jackal. The jackal closely misses you.
The kobold misses you.
You closely miss the jackal. The jackal bites you.
You die...

#.#.# #.#.# ###.#
#.# ...## #.#
....# .# #.#####
... ... #.....#
.h. #.# #####.#
#r# #.# #.# # #h#
#.# #.#
#)#@###.#######
#.#
#.K..........>.
#.#######.†......#
#.......#####.##.#
#######.......#
#########


You could see 2 jackals, a kobold and a rat.

Vanquished Creatures
  2 jackals (D:1)
  A rat (D:1)
3 creatures vanquished.

Notes
Turn   | Place    | Note
-------+----------+-------------------------------------------
     0 | D:1      | senseless the Demonspawn Berserker began the quest for the
                  | Orb.
     0 | D:1      | Reached XP level 1. HP: 18/18 MP: 1/1
   256 | D:1      | HP: 1/27 [jackal (3)]
   258 | D:1      | Slain by a jackal

Illustrated notes

Levels and vault maps discovered:
D:1:      dpeg_cavernosity, layout_loops_ring, dreamdust_mushroom_princess

Action                     || total
---------------------------++-------
  Melee: Mace              ||    13
 Invoke: Berserk           ||     1
 Armour: Animal skin       ||     2
  Dodge: Dodged            ||    14

Table legend: (Time is in decaauts)
 A = Elapsed time spent in this place.
 B = Non-inter-level travel time spent in this place.
 C = Inter-level travel time spent in this place.
 D = Time resting spent in this place.
 E = Time spent auto-exploring this place.
 F = Levels seen in this place.
 G = Mean time per level.
                   A        B        C        D        E       F      G
               +--------+--------+--------+--------+--------+-----+--------+
         Total |    259 |    259 |      0 |      0 |    238 |   1 |  259.0 |
       Dungeon |    259 |    259 |      0 |      0 |    238 |   1 |  259.0 |
               +--------+--------+--------+--------+--------+-----+--------+

Top non-repeatable levels by time:
     D:1: 259 daAuts
